 Dungeon Sprint DCSS version 0.18-a0-1293-g5a2c81a (webtiles) character file.

8960 Kidiri the Unseen (level 11, 0/58 HPs)
             Began as a Spriggan Enchanter on Feb 10, 2016.
             Was the Champion of Dithmenos.
             Slain by a six-headed hydra (11 damage)
             ... in the Dungeon (Sprint III: "The Ten Rune Challenge").
             The game lasted 00:15:41 (1543 turns).

Kidiri the Unseen (Spriggan Enchanter)              Turns: 1543, Time: 00:15:41

Health: 0/58       AC:  3    Str:  6    XL:     11   Next: 16%
Magic:  18/31      EV: 32    Int: 18    God:    Dithmenos [******]
Gold:   35         SH:  0    Dex: 19    Spells: 5 memorised, 23 levels left

rFire  . . .     SeeInvis +     a - +1 dagger
rCold  . . .     Gourm    .     l - +2 robe
rNeg   . . .     Faith    .     (shield restricted)
rPois  .         Spirit   .     (helmet restricted)
rElec  .         Dismiss  .     (no cloak)
rCorr  .         Reflect  .     (gloves unavailable)
SustAt .         Harm     .     (boots unavailable)
MR     +....     NoTele   +     (no amulet)
Stlth  ++++++++++               (no ring)
                                (no ring)

@: wreathed by umbra, very quick, somewhat resistant to hostile enchantments,
uncannily stealthy
A: unfitting armour, horns 1, talons 1, see invisible, deformed body, herbivore
3, speed 3, high mp 1, slow metabolism 2, strong 1, MP-powered wands
a: Shadow Step, Shadow Form, Renounce Religion


You were in the Dungeon.
You worshipped Dithmenos.
Dithmenos was exalted by your worship.
You were not hungry.

You visited 1 branch You collected 35 gold pieces.

Inventory:

Hand Weapons
 a - a +1 dagger (weapon)
Armour
 l - a +2 robe (worn)
Wands
 c - a wand of polymorph (10/24)
Scrolls
 j - a scroll of blinking
 m - a scroll of torment
 n - a scroll of recharging {unknown}
 o - 3 scrolls of remove curse
 r - a scroll of immolation {unknown}
Potions
 e - 3 potions of curing
 f - a potion of heal wounds
 g - a potion of haste
 h - a potion of magic
 p - 4 potions of cure mutation
 q - a potion of flight
Comestibles
 b - 27 royal jellies
 d - 3 bread rations


   Skills:
 + Level 6.4 Fighting
 * Level 11.8 Short Blades
 + Level 5.7 Armour
 * Level 15.0 Dodging
 * Level 16.2 Stealth
 * Level 12.8 Spellcasting
 + Level 5.6 Conjurations
 + Level 9.6 Hexes
 + Level 6.1 Ice Magic
 - Level 2.2 Invocations
 + Level 5.5 Evocations


You had 23 spell levels left.
You knew the following spells:

 Your Spells              Type           Power        Failure   Level  Hunger
a - Corona                Hex            #####..      1%          1    None
b - Ensorcelled Hibernat  Hex/Ice        #####.       1%          2    None
c - Confuse               Hex            #####...     1%          3    None
d - Tukima's Dance        Hex            #####...     1%          3    None
e - Dazzling Spray        Conj/Hex       #####...     1%          3    None


Dungeon Overview and Level Annotations

Branches:
Dungeon (1/1)

Altars:
Cheibriados
Dithmenos
Elyvilon
Fedhas
Gozag
Kikubaaqudgha
Makhleb
Nemelex Xobeh
Okawaru
Pakellas
Qazlal
Ru
Sif Muna
Trog
Vehumet
Xom
Yredelemnul
Zin
The Shining One
Jiyva
Lugonu


Innate Abilities, Weirdness & Mutations

You are tiny and cannot use many weapons and most armour.
You have supernaturally acute eyesight.
You are a herbivore.
You cover ground extremely quickly.
You need consume almost no food.
You have a pair of small horns on your head.
You have sharp toenails.
Armour fits poorly on your strangely shaped body.
You have an increased reservoir of magic (+10% MP).
Your muscles are strong. (Str +2)
You expend magic power (3 MP) to strengthen your wands.


Message History

Confirm with . or Enter, or press ? or * to list all spells.
Aiming: Ensorcelled Hibernation
Press: ? - help, Shift-Dir - straight line, f/p - six-headed hydra
Aim: a six-headed hydra (umbra, chance to defeat MR: 32%)
The six-headed hydra easily resists.
You see here 3 chunks of flesh.
Casting: Ensorcelled Hibernation
Confirm with . or Enter, or press ? or * to list all spells.
Aiming: Ensorcelled Hibernation
Press: ? - help, Shift-Dir - straight line, f/p - six-headed hydra
Aim: a six-headed hydra (umbra, chance to defeat MR: 32%)
The six-headed hydra easily resists.
The six-headed hydra completely misses you.
The six-headed hydra bites you but does no damage.
The six-headed hydra misses you.
The six-headed hydra closely misses you.
The six-headed hydra bites you!
* * * LOW HITPOINT WARNING * * *
You emit a cloud of dark smoke.
The six-headed hydra bites you!
You die...

.........#.:)#__#...'.#§§§#.#.#).
.........#___#__+...#.#§)§#...#))
▓▓▓▓▓▓▓▓▓▓▓▓▓▓▓▓▓▓▓▓▓▓▓▓▓▓▓▓▓▓▓▓▓
♣♣≈≈≈........≈≈≈..
+♣♣'♣≈≈≈≈≈≈≈≈≈≈≈≈♣♣P
#.≈♣♣♣♣♣♣♣♣♣♣♣♣♣♣♣♣P #%§♣♣ ♣♣
###§♣♣♣♣♣♣♣♣♣♣♣♣♣♣♣
♣♣♣♣@##..##≈≈≈≈≈≈..#
♣.§D##%##.#§§§≈≈.§.#
♣♣§##.##.##D§§≈≈§###
♣..#.##.D.#§§..§§.§§
♣♣.##.##.)#§§.+#####
♣♣.##.#####...# ♣.....# .....#
####### +######


You could see a six-headed hydra.

Vanquished Creatures
  Maud (D)
  Josephine (D)
  A centaur warrior (D)
  An unseen horror (D)
  A lindwurm (D)
  A deep elf mage (D)
  2 spiny frogs (D)
  A komodo dragon (D)
  3 wandering mushrooms (D)
  A queen bee (D)
  2 giant leeches (D)
  A shadow (D)
  3 redbacks (D)
  A spatial vortex (D)
  A necrophage (D)
  2 centaurs (D)
  An earth elemental (D)
  A water elemental (D)
  A scorpion (D)
  32 killer bees (D)
  A jelly (D)
  Jessica (D)
  A necromancer (D)
  A wizard (D)
  3 humans (D)
  A kobold demonologist (D)
  2 oozes (D)
  A rat (D)
69 creatures vanquished.

Vanquished Creatures (others)
  2 draconian scorchers (D)
  3 yaktaurs (D)
  An electric eel (D)
  5 plants (D)
11 creatures vanquished.

Grand Total: 80 creatures vanquished

Notes
Turn   | Place    | Note
--------------------------------------------------------------
     0 | D        | Kidiri the Spriggan Enchanter began the quest for the Orb.
     0 | D        | Reached XP level 1. HP: 9/9 MP: 5/5
     7 | D        | Reached skill level 5 in Stealth
     7 | D        | Reached XP level 2. HP: 13/13 MP: 7/7
    11 | D        | Learned a level 2 spell: Ensorcelled Hibernation
    47 | D        | Noticed Jessica
    51 | D        | Killed Jessica
    51 | D        | Reached skill level 1 in Fighting
    51 | D        | Reached skill level 1 in Armour
    51 | D        | Reached XP level 3. HP: 16/18 MP: 7/9
    56 | D        | Learned a level 3 spell: Confuse
    60 | D        | Learned a level 3 spell: Dazzling Spray
   103 | D        | Reached skill level 5 in Dodging
   103 | D        | Reached skill level 6 in Stealth
   103 | D        | Reached skill level 1 in Ice Magic
   124 | D        | Noticed a scorpion
   135 | D        | Killed a scorpion
   135 | D        | Reached skill level 7 in Stealth
   135 | D        | Reached skill level 5 in Spellcasting
   135 | D        | Reached XP level 4. HP: 23/23 MP: 8/12
   154 | D        | Learned a level 3 spell: Tukima's Dance
   156 | D        | Gained mutation: You have sharp toenails. [potion of mutation]
   156 | D        | Gained mutation: Armour fits poorly on your strangely shaped body. [potion of mutation]
   156 | D        | Gained mutation: Your muscles are strong. (Str +2) [potion of mutation]
   157 | D        | Gained mutation: You have an increased reservoir of magic (+10% MP). [potion of mutation]
   157 | D        | Gained mutation: You expend magic power (3 MP) to strengthen your wands. [potion of mutation]
   158 | D        | Gained mutation: You have a pair of small horns on your head. [potion of mutation]
   180 | D        | Noticed a water elemental
   182 | D        | Killed a water elemental
   182 | D        | Reached skill level 1 in Conjurations
   182 | D        | Reached skill level 5 in Hexes
   182 | D        | Reached XP level 5. HP: 26/26 MP: 12/15
   194 | D        | Noticed a shadow
   224 | D        | Killed a yaktaur
   235 | D        | Killed a shadow
   235 | D        | Reached skill level 5 in Short Blades
   235 | D        | Reached skill level 8 in Dodging
   235 | D        | Reached skill level 9 in Stealth
   235 | D        | Reached XP level 6. HP: 26/32 MP: 2/18
   320 | D        | Killed a white draconian scorcher
   372 | D        | Killed a white draconian scorcher
   417 | D        | Found an oddly glowing altar of Pakellas.
   417 | D        | Found a stormy altar of Qazlal.
   418 | D        | Found a sacrificial altar of Ru.
   418 | D        | Found a burning altar of Makhleb.
   418 | D        | Found a viscous altar of Jiyva.
   418 | D        | Found a shimmering altar of Xom.
   418 | D        | Found a shadowy altar of Dithmenos.
   418 | D        | Found a sparkling altar of Nemelex Xobeh.
   418 | D        | Found a corrupted altar of Lugonu.
   418 | D        | Found an opulent altar of Gozag.
   418 | D        | Noticed a spatial vortex
   422 | D        | Became a worshipper of Dithmenos the Shadowed
   429 | D        | Killed a spatial vortex
   429 | D        | Reached skill level 10 in Stealth
   429 | D        | Reached skill level 1 in Invocations
   552 | D        | Found a radiant altar of Vehumet.
   553 | D        | Found a deep blue altar of Sif Muna.
   553 | D        | Found an ancient bone altar of Kikubaaqudgha.
   556 | D        | Reached * piety under Dithmenos
   578 | D        | Found an iron altar of Okawaru.
   579 | D        | Found a bloodstained altar of Trog.
   579 | D        | Noticed a human
   579 | D        | Noticed a human
   592 | D        | Killed a human
   592 | D        | Reached XP level 7. HP: 29/36 MP: 8/21
   604 | D        | Killed a human
   604 | D        | Reached skill level 11 in Stealth
   676 | D        | Found a glowing silver altar of Zin.
   677 | D        | Found a glowing golden altar of the Shining One.
   677 | D        | Found a white marble altar of Elyvilon.
   677 | D        | Noticed a deep elf mage
   679 | D        | Killed a deep elf mage
   679 | D        | Reached ** piety under Dithmenos
   679 | D        | Reached skill level 10 in Dodging
   679 | D        | Reached XP level 8. HP: 40/42 MP: 22/24
   695 | D        | Found a snail-covered altar of Cheibriados.
   696 | D        | Found a basalt altar of Yredelemnul.
   696 | D        | Found a blossoming altar of Fedhas.
   715 | D        | Noticed Josephine
   719 | D        | Killed Josephine
   719 | D        | Reached skill level 12 in Stealth
   719 | D        | Reached skill level 10 in Spellcasting
   719 | D        | Reached XP level 9. HP: 46/46 MP: 22/26
   739 | D        | Reached skill level 13 in Stealth
   760 | D        | Noticed a centaur warrior
   762 | D        | Killed a centaur warrior
   764 | D        | Reached *** piety under Dithmenos
   797 | D        | Noticed an unseen horror
   799 | D        | Killed an unseen horror
   799 | D        | Reached skill level 5 in Fighting
   799 | D        | Reached skill level 10 in Short Blades
   799 | D        | Reached skill level 14 in Stealth
   811 | D        | Noticed a queen bee
   811 | D        | Reached skill level 5 in Ice Magic
   819 | D        | Reached **** piety under Dithmenos
   827 | D        | Reached skill level 1 in Evocations
   843 | D        | Killed a queen bee
   843 | D        | Reached XP level 10. HP: 51/51 MP: 20/28
   845 | D        | Reached ***** piety under Dithmenos
   863 | D        | Reached skill level 5 in Armour
  1013 | D        | Reached ****** piety under Dithmenos
  1255 | D        | Reached skill level 15 in Stealth
  1255 | D        | Reached skill level 5 in Conjurations
  1405 | D        | Noticed a spiny frog
  1405 | D        | Noticed a spiny frog
  1410 | D        | Killed a spiny frog
  1412 | D        | Killed a spiny frog
  1490 | D        | Noticed a lindwurm
  1493 | D        | Killed a lindwurm
  1501 | D        | Reached skill level 5 in Evocations
  1501 | D        | Reached XP level 11. HP: 56/56 MP: 31/31
  1502 | D        | Noticed Maud
  1504 | D        | Killed Maud
  1504 | D        | Reached skill level 15 in Dodging
  1504 | D        | Reached skill level 16 in Stealth
  1509 | D        | Noticed a six-headed hydra
  1509 | D        | Noticed an eight-headed hydra
  1543 | D        | Slain by a six-headed hydra

Vault maps used:
D:        dungeon_sprint_mu

Action                   |  1- 3 |  4- 6 |  7- 9 | 10-12 || total
-------------------------+-------+-------+-------+-------++-------
Melee: Dagger            |     8 |    17 |    38 |    37 ||   100
 Cast: Ensorcelled Hiber |     2 |       |    14 |    40 ||    56
       Dazzling Spray    |       |    14 |       |    12 ||    26
       Confuse           |       |     1 |     2 |     1 ||     4
       Corona            |       |       |     1 |       ||     1
Invok: Shadow Step       |       |       |     2 |     3 ||     5
  Use: Potion            |       |     4 |     1 |       ||     5
       Scroll            |       |     2 |       |       ||     2
 Stab: Sleeping          |     7 |     3 |    17 |    29 ||    56
       Invisible         |       |     1 |       |     1 ||     2
       Confused          |       |       |     2 |     1 ||     3
